 Dungeon Crawl Stone Soup version 0.31-a0-1207-g4ab8c38 (webtiles) character file.

Game seed: 17544165999249149167

56 edsrzf the Gusty (level 3, 0/21 HPs)
             Began as an Octopode Air Elementalist on Dec 13, 2023.
             Was an Initiate of Ashenzari.
             Slain by an orc
             ... wielding a +0 morningstar
              (4 damage)
             ... on level 3 of the Dungeon.
             The game lasted 00:04:30 (1763 turns).

edsrzf the Gusty (Octopode Air Elementalist)        Turns: 1763, Time: 00:04:31

Health: 0/21       AC:  1    Str:  7    XL:     3   Next: 97%
Magic:  7/7        EV: 13    Int: 19    God:    Ashenzari [......]
Gold:   86         SH:  0    Dex: 12    Spells: 7/8 levels left

rFire   . . .        c - +0 short sword of Panopticon {Self, Elem} (curse)
rCold   . . .        (no shield)
rNeg    . . .        (helmet restricted)
rPois   .            (no amulet)
rElec   .            (no ring)
rCorr   .            (no ring)
SInv    .            (no ring)
Will    .....        (no ring)
Stlth   +++          (no ring)
HPRegen 0.23/turn    (no ring)
MPRegen 0.10/turn    (no ring)
                     (no ring)

%: no passive effects
@: hasted, very quick
A: almost no armour, amphibious, 8 rings, camouflage 1, gelatinous body 1,
(nimble swimmer 1), tentacles
a: Renounce Religion, Curse Item, Shatter the Chains


You were on level 3 of the Dungeon.
You worshipped Ashenzari.
Ashenzari was noncommittal.
You visited 1 branch of the dungeon, and saw 3 of its levels.

You collected 86 gold pieces.

Inventory:

Hand Weapons
 c - the cursed +0 short sword of Panopticon (weapon) {Self, Elem}
   (You took it off a kobold on level 1 of the Dungeon)

   It has a curse which improves the following skills: Introspection: Fighting
   and Spellcasting.
   Elements:  Fire Magic, Ice Magic, Air Magic and Earth Magic.
Scrolls
 d - a scroll of amnesia {unknown}
 f - a scroll of revelation {unknown}
 h - a scroll of teleportation {unknown}
 i - a scroll of vulnerability {unknown}
 j - a scroll of identify {unknown}
Potions
 a - a potion of magic
 b - a potion of haste
 e - a potion of might {unknown}
 g - 2 potions of curing {unknown}
 k - a potion of mutation {unknown}


   Skills:
 - Level 2.0 Dodging
 - Level 2.6 Stealth
 + Level 3.0(3.4) Spellcasting
 + Level 2.6 Conjurations
 - Level 3.0(3.3) Air Magic


You had 7 spell levels left.
You knew the following spells:

 Your Spells              Type           Power      Damage    Failure   Level
X - Shock                 Conj/Air       56%        1d6       4%          1

Your spell library contained the following spells:

 Spells                   Type           Power      Damage    Failure   Level
 Static Discharge         Conj/Air       28%        3-5/arc   6%          2
 Swiftness                Air            15%        N/A       11%         3
 Airstrike                Air            7%         2d(2-18)  36%         4


Dungeon Overview and Level Annotations

Branches:
Dungeon (3/15)

Altars:
Ashenzari


Innate Abilities, Weirdness & Mutations

You cannot wear most types of armour.
You are amphibious.
You can wear up to eight rings at the same time.
Your skin changes colour to match your surroundings (Stealth+).
Your rubbery body absorbs attacks. (AC +1, EV +1)
((You are camouflaged when in or above water. (Stealth+)))
You have tentacles for arms and can constrict up to eight enemies at once.


Message History

You see here a frilled lizard corpse.
A goblin and an endoplasm come into view.
The endoplasm quivers.
The helpless goblin fails to defend itself.
You puncture the goblin!
You kill the goblin!
The ball python hisses angrily.
Things that are here:
a +0 club; a goblin corpse You hit the endoplasm but do no damage.
You squeeze the endoplasm.
You kill the endoplasm!
You barely miss the ball python. Your grab misses the ball python.
The ball python barely misses you. x2
You barely miss the ball python. You grab the ball python.
You constrict the ball python. The ball python bites you.
The ball python grabs you. The ball python constricts you.
You hit the ball python.
You kill the ball python!
You see here a ball python corpse.
An adder comes into view.
Found a stone staircase leading down.
The helpless adder fails to defend itself.
You hit the adder. Your grab misses the adder.
The adder is heavily wounded.
The adder bites you.
You are poisoned.
The adder poisons you!
You hit the adder. Your grab misses the adder.
The adder is severely wounded.
You feel sick. The adder bites you. x2
You closely miss the adder. Your grab misses the adder.
The adder is severely wounded.
You feel sick. The adder bites you.
You closely miss the adder. You grab the adder.
The adder is severely wounded.
You constrict the adder.
You feel sick. The adder closely misses you.
You barely miss the adder.
The adder is severely wounded.
You constrict the adder.
You feel sick. The adder closely misses you. The adder barely misses you.
You hit the adder.
You kill the adder!
You feel sick.
Your Spellcasting skill increases to level 3!
You start resting.
You feel sick.
You are no longer poisoned.
You start resting.
HP restored.
You see here an adder corpse.
g - 2 ruby potions (gained 1)
Found a club.
You see here a +0 club.
Found a stone staircase leading down.
There is a stone staircase leading down here.
You see here an adder corpse.
You see here an adder corpse.
A goblin comes into view. It is wielding a +0 club.
You see here a +0 trident.
The helpless goblin fails to defend itself.
You hit the goblin.
You kill the goblin!
You see here a +0 club.
You see here a +0 leather armour.
Done exploring.
Done exploring.
You see here a +0 leather armour.
You see here a +0 short sword.
There is a stone staircase leading up here.
There is a stone staircase leading down here.
You climb downwards.
You hear the sound of rushing water.
There is an entrance to a sewer on this level.
Hurry and find it before the portal rusts away!
Found 14 gold pieces.
You have a vision of a gate.
There is a stone staircase leading up here.
Unknown command.
The orc shouts!
A giant cockroach comes into view.
The orc hits you with a +0 morningstar.
You hit the orc. Your grab misses the orc.
The orc is heavily wounded.
The orc closely misses you.
You barely miss the orc. Your grab misses the orc.
The orc is heavily wounded.
The orc barely misses you.
You closely miss the orc. Your grab misses the orc.
Your squeeze misses the orc.
The orc is heavily wounded.
The bat barely misses you. The orc closely misses you.
You hit the orc. Your grab misses the orc. Your squeeze misses the orc.
The orc is severely wounded.
The bat closely misses you. The orc hits you with a +0 morningstar!
Ouch! That really hurt!
* * * LOW HITPOINT WARNING * * *
Okay, then.
It was a potion of haste.
You feel yourself speed up. The bat completely misses you.
The giant cockroach bites you but does no damage.
The orc hits you with a +0 morningstar.
You die...

....... .......
....... .......
........#......#
........#......#
........#.......
................
#......boB......
#.......@.......
#.........w.....
##....<........
................
......##........
...... ######...
...$. ... .....
.. #...


You could see a worm, an orc, a giant cockroach and a bat.

Vanquished Creatures
  An adder (D:2)
  A worm (D:2)
  A dart slug (D:1)
  7 ball pythons
  2 bats (D:2)
  2 endoplasms
  A giant cockroach (D:2)
  4 hobgoblins
  4 jackals (D:2)
  3 quokkas
  A frilled lizard (D:2)
  4 goblins
  4 kobolds
  3 rats
38 creatures vanquished.

Notes
Turn   | Place    | Note
-------+----------+-------------------------------------------
     0 | D:1      | edsrzf the Octopode Air Elementalist began the quest for
                  | the Orb.
     0 | D:1      | Reached XP level 1. HP: 11/11 MP: 3/3
   122 | D:1      | Found a faded altar of an unknown god.
   172 | D:1      | Prayed at the altar of an unknown god.
   172 | D:1      | Became a worshipper of Ashenzari the Shackled
   207 | D:1      | Reached XP level 2. HP: 14/17 MP: 5/5
   858 | D:2      | Reached skill level 2 in Conjurations
   890 | D:2      | Reached XP level 3. HP: 21/21 MP: 7/7
  1400 | D:2      | Reached skill level 3 in Spellcasting
  1763 | D:3      | Identified 2 potions of haste
  1763 | D:3      | Slain by an orc

Illustrated notes

Levels and vault maps discovered:
D:1:      tarquinn_simple_flora_water_f, layout_basic,
          chequers_ecumenical_altar_simple
D:2:      layout_loops_ring
D:3:      layout_basic, portal_sewer_entry_c

Skill      XL: |  1  2  3 |
---------------+----------+-----
Conjurations   | 2 |  2.6
Spellcasting   | 3 |  3.0
Dodging        | |  2.0
Stealth        | |  2.6
Air Magic      | |  3.0

Action                     || total
---------------------------++-------
  Melee: Short sword       ||    76
         Constrict         ||    12
         Tentacles         ||    13
         Unarmed           ||     1
   Cast: Shock             ||    23
 Invoke: Curse Item        ||     1
    Use: Potion            ||     1
   Stab: Sleeping          ||    12
 Armour: Skin              ||    32
  Dodge: Dodged            ||    51

Table legend: (Time is in decaauts)
 A = Elapsed time spent in this place.
 B = Non-inter-level travel time spent in this place.
 C = Inter-level travel time spent in this place.
 D = Time resting spent in this place.
 E = Time spent auto-exploring this place.
 F = Levels seen in this place.
 G = Mean time per level.
                   A        B        C        D        E       F      G
               +--------+--------+--------+--------+--------+-----+--------+
         Total |   1761 |   1686 |     75 |    260 |   1112 |   3 |  587.0 |
       Dungeon |   1761 |   1686 |     75 |    260 |   1112 |   3 |  587.0 |
               +--------+--------+--------+--------+--------+-----+--------+

Top non-repeatable levels by time:
     D:2: 925 daAuts
     D:1: 829 daAuts
     D:3: 6 daAuts
